 Dungeon Crawl Stone Soup version 0.24.0-123-gd5b16e6ec5 (webtiles) character file.

Game seed: 4176213770486350664, levelgen mode: deterministic

58 vurker the Chiller (level 3, -8/20 HPs)
             Began as a Deep Elf Ice Elementalist on Feb 5, 2020.
             Killed by nerve-wracking pain
             ... invoked by Jessica
              (13 damage)
             ... on level 2 of the Dungeon.
             The game lasted 00:02:10 (1688 turns).

vurker the Chiller (Deep Elf Ice Elementalist)      Turns: 1688, Time: 00:02:11

Health: -8/20      AC:  2    Str:  5    XL:     3   Next: 76%
Magic:  0/10       EV: 13    Int: 20    God:
Gold:   142        SH:  0    Dex: 15    Spells: 7/10 levels left

rFire    . . .     SeeInvis .   f - +0 whip (vamp)
rCold    . . .     Gourm    .   (no shield)
rNeg     . . .     Faith    .   a - +0 robe
rPois    .         Spirit   .   (no helmet)
rElec    .         Reflect  .   (no cloak)
rCorr    .         Harm     .   (no gloves)
MR       .....                  (no boots)
Stlth    ++........             (no amulet)
HPRegen  0.06/turn              (no ring)
MPRegen  0.12/turn              (no ring)

@: very slightly contaminated
A: no striking features
a: no special abilities


You were on level 2 of the Dungeon.
You were not hungry.

You visited 1 branch of the dungeon, and saw 2 of its levels.

You collected 142 gold pieces.

Inventory:

Hand Weapons
 f - a +0 vampiric whip (weapon)
   (You took it off a kobold on level 1 of the Dungeon)
Armour
 a - a +0 robe (worn)
 k - a +0 cloak
   (You found it on level 2 of the Dungeon)
Scrolls
 b - a scroll of magic mapping {unknown}
 d - 2 scrolls of teleportation {unknown}
 g - a scroll of blinking {unknown}
 h - a scroll of remove curse {unknown}
 i - 4 scrolls of identify {unknown}
Potions
 c - a potion of magic {unknown}
 j - a potion of curing
Comestibles
 e - 4 rations
 l - 5 chunks of flesh


   Skills:
 + Level 0.8 Fighting
 - Level 2.4 Dodging
 - Level 2.4 Stealth
 * Level 4.1 Spellcasting
 * Level 1.7 Conjurations
 * Level 4.1 Ice Magic


You had 7 spell levels left.
You knew the following spells:

 Your Spells              Type           Power        Failure   Level  Hunger
a - Freeze                Ice            ###.         2%          1    None
b - Throw Frost           Conj/Ice       ###...       6%          2    #......

Your spell library contained the following spells:

 Spells                   Type           Power        Failure   Level  Hunger
 Ozocubu's Armour         Chrm/Ice       ##......     16%         3    ###....
 Throw Icicle             Conj/Ice       ###.....     36%         4    ####...
 Summon Ice Beast         Ice/Summ       ##......     47%         4    ####...


Dungeon Overview and Level Annotations

Branches:
Dungeon (2/15)

Altars:
Trog

Annotations:
D:2 Jessica


Message History

Found 9 gold pieces.
You now have 142 gold pieces (gained 9).
Found a stone staircase leading up.
Found a ration.
e - 4 rations (gained 1) Jessica the Apprentice Sorceress comes into view.
She is wielding a +0 dagger.
You can't see any susceptible monsters within range! (Use Z to cast anyway.) Jessica shouts!
You barely miss Jessica. Jessica hits you with a +0 dagger.
You hit Jessica but do no damage. Jessica barely misses you.
Aim: Jessica, wielding a +0 dagger and wearing a +2 robe You freeze Jessica.
Jessica gestures wildly while chanting.
Jessica blinks!
You can't see any susceptible monsters within range! (Use Z to cast anyway.)
Found 20 bolts.
Jessica mumbles some strange words.
Jessica seems to speed up.
Aim: Jessica, wielding a +0 dagger and wearing a +2 robe (lightly wounded, fast)
You miscast Freeze.
You are very lightly contaminated with residual magic.
You feel uncomfortably cold.
Jessica mumbles something strange.
Jessica hits you with a +0 dagger.
Aim: Jessica, wielding a +0 dagger and wearing a +2 robe (lightly wounded, fast)
You freeze Jessica!
Jessica drinks a potion.
Jessica is healed!
Jessica completely misses you.
Aim: Jessica, wielding a +0 dagger and wearing a +2 robe (fast)
You freeze Jessica. Jessica barely misses you.
Aim: Jessica, wielding a +0 dagger and wearing a +2 robe (moderately wounded, fast)
You freeze Jessica. Jessica casts a spell at you.
Pain shoots through your body!
Ouch! That really hurt!
* * * LOW HITPOINT WARNING * * *
Jessica shouts, "I don't like beings like you!"
Jessica gestures wildly while chanting.
Jessica blinks!
Aim: Jessica, wielding a +0 dagger and wearing a +2 robe (almost dead, fast)
The puff of frost misses Jessica.
Aim: Jessica, wielding a +0 dagger and wearing a +2 robe (almost dead, fast)
You miscast Throw Frost.
A chill runs through your body.
Jessica casts a spell.
Jessica blinks!
Aim: Jessica, wielding a +0 dagger and wearing a +2 robe (almost dead, fast)
The puff of frost misses Jessica.
Jessica casts a spell at you. Pain shoots through your body!
Ouch! That really hurt!
You die...

#.........# #.....# #._
#.........###.....## #..
#...........#......# ###
##........#.#......# #
##########.#......# #
#.#......# # #.#......#
# #.######.# #### #@#
#.# #... ....ยง...# #.#
#... .....@..# #.# #...
........######.######...
........................
.######.######.#########
#(# #.. #.# ###


You could see Jessica.

Vanquished Creatures
  Terence (D:2)
  A worm (D:2)
  A leopard gecko (D:1)
  5 bats (D:1)
  3 giant cockroaches
  6 goblins
  4 hobgoblins (D:1)
  A quokka (D:2)
  A frilled lizard (D:1)
  4 kobolds
  5 rats (D:1)
32 creatures vanquished.

Notes
Turn   | Place    | Note
-------+----------+-------------------------------------------
     0 | D:1      | vurker the Deep Elf Ice Elementalist began the quest for
                  | the Orb.
     0 | D:1      | Reached XP level 1. HP: 10/10 MP: 6/6
   156 | D:1      | Reached XP level 2. HP: 12/16 MP: 1/8
   600 | D:1      | Learned a level 2 spell: Throw Frost
  1306 | D:2      | Reached XP level 3. HP: 20/20 MP: 8/10
  1361 | D:2      | Noticed Terence
  1366 | D:2      | Killed Terence
  1443 | D:2      | Found a bloodstained altar of Trog.
  1672 | D:2      | Noticed Jessica
  1688 | D:2      | Killed from afar by Jessica

Levels and vault maps discovered:
D:1:      wander_arrival_abandoned_jail, layout_loops_cross,
          grunt_decor_arrowhead, minmay_tromino_i4
D:2:      layout_basic, first_ration, bloody_trog, uniq_terence, uniq_jessica

Skill      XL: |  1  2  3 |
---------------+----------+-----
Spellcasting   | 4 |  4.1
Ice Magic      | 4 |  4.1
Fighting       | |  0.8
Dodging        | |  2.4
Stealth        | |  2.4
Conjurations   | |  1.7

Action                   || total
-------------------------++-------
Melee: Unarmed           ||     9
       Whip              ||    24
 Cast: Freeze            ||    42
       Throw Frost       ||     4
  Eat: Ration            ||     1
Armor: Robe              ||    13
Dodge: Dodged            ||    55
